AoeStats
← Kimik

Arabia

510729001Analyzed
1v1 RM · 12h ago on Oct 2, 2026· 42m 3s· 2 players
Game mode
Random Map
Map size
Tiny (2 player)
Population
200
Speed
Normal
Resources
Standard
Victory
Conquest
Starting age
Dark Age
Ending age
Imperial Age
RankedLock teamsTeams togetherTeam positionsShared explorationLock speedFull tech treeHidden civsTurbo modeCheats
Victory
Defeat
🇯🇵 Mongols · Japan
1064
+18
🇪🇸 Bohemians · Spain
1098
-18
Kimik
10:05 Loom
12:26 Feudal Age
13:34 Double-Bit Axe
13:31 Horse Collar
18:14 Wheelbarrow
20:56 Castle Age
19:29 Scale Barding Armor
20:45 Forging
20:40 Scale Mail Armor
22:07 Heavy Plow
22:30 Chain Barding Armor
22:20 Squires
26:18 Fervor
32:49 Imperial Age
31:22 Bow Saw
31:53 Hand Cart
31:12 Pikeman
32:10 Chain Mail Armor
32:31 Iron Casting
31:58 Husbandry
33:40 Wagenburg Tactics
34:39 Conscription
35:27 Chemistry
36:21 Blast Furnace
35:18 Cavalier
39:50 Plate Mail Armor
42:05 Ballistics
altanbileg
0:27 Loom
10:38 Feudal Age
16:10 Castle Age
14:12 Double-Bit Axe
14:45 Horse Collar
29:05 Imperial Age
26:30 Town Watch
27:43 Wheelbarrow
27:08 Fletching
28:11 Bow Saw
28:12 Heavy Plow
28:12 Bodkin Arrow
29:01 Padded Archer Armor
30:17 Gold Mining
30:19 Stone Mining
30:51 Hand Cart
30:58 Bracer
31:38 Leather Archer Armor
32:13 Gold Shaft Mining
32:19 Bloodlines
33:09 Stone Shaft Mining
33:22 Conscription
33:09 Husbandry
32:32 Light Cavalry
33:49 Scale Barding Armor
34:47 Chemistry
34:54 Elite Mangudai
37:37 Thumb Ring
37:56 Ballistics
38:39 Masonry
38:53 Forging
39:04 Chain Barding Armor
42:16 Iron Casting
Connection lost

Rejoining the realm…

Still unreachable

The connection could not be restored.

Session expired

The server has moved on; the page needs a fresh start.